 Dungeon Crawl Stone Soup version 0.15.1-3-g1b33baa (webtiles) character file.

97 CrazyArbalest the Covered (level 5, -4/36 HPs)
             Began as a Halfling Fighter on Oct 12, 2014.
             Killed from afar by an adder (23 damage)
             ... with an exploding inner flame
             ... hexed by the player character
             ... on Level 3 of the Dungeon.
             The game lasted 00:09:53 (3156 turns).

CrazyArbalest the Covered (Halfling Fighter)        Turns: 3156, Time: 00:09:53

HP  -4/36        AC  7     Str 16      XL: 5   Next:  0%
MP   5/5         EV 10     Int  7      God:
Gold 94          SH  6     Dex 15      Spells:  0 memorised,  4 levels left

rFire  . . .     SeeInvis .     i - -2 dagger (curse)
rCold  . . .     Clarity  .     b - +0 scale mail
rNeg   . . .     rCorr    .     c - +0 buckler
rPois  .         rRot     .     (no helmet)
rElec  .         Spirit   .     (no cloak)
SustAb .         Warding  .     (no gloves)
rMut   .         Stasis   .     (no boots)
Gourm  .                        (no amulet)
MR     .....                    (no ring)
                                o - cursed ring of loudness

@: lethally poisoned, not resistant to hostile enchantments, extremely
unstealthy
A: mutation resistance 1
a: no special abilities


You were on level 3 of the Dungeon.
You were hungry.

You visited 1 branch of the dungeon, and saw 3 of its levels.

You collected 94 gold pieces.

Inventory:

Hand weapons
 a - a +0 cutlass
 i - a cursed -2 dagger (weapon)
 q - a +1 dagger of protection
Missiles
 h - 65 stones (quivered)
Armour
 b - a +0 scale mail (worn)
 c - a +0 buckler (worn)
Comestibles
 d - 2 bread rations
 m - a meat ration
Scrolls
 g - 5 scrolls of identify
 j - a scroll of random uselessness
 k - a scroll of teleportation
 p - a scroll of recharging
 r - a scroll of remove curse {unknown}
 s - 2 scrolls of immolation
Jewellery
 o - a cursed ring of loudness (left hand)
Potions
 e - a potion of might
 f - a potion of curing {unknown}
 n - a potion of mutation {unknown}
Books
 l - a book of Transfigurations

   Spells                             Type                      Level
   Stoneskin                          Transmutation/Earth          2
   Ice Form                           Ice/Transmutation            4
   Statue Form                        Transmutation/Earth          6
   Dragon Form                        Transmutation                7


   Skills:
 + Level 3.2 Fighting
 + Level 3.7 Short Blades
 + Level 3.9 Armour
 + Level 1.4 Dodging
 + Level 3.9 Shields


You had 4 spell levels left.
You didn't know any spells.

Dungeon Overview and Level Annotations

Branches:
Dungeon (3/15)

Altars:
Fedhas
Xom


Innate Abilities, Weirdness & Mutations

You are small and have problems with some larger weapons.
You are somewhat resistant to further mutation.


Message History

You barely miss the adder.
The adder is severely wounded.
You hear the slow rusting of a distant drain.
You block the adder's attack.
You closely miss the adder.
The adder is severely wounded.
The adder bites you.
You are poisoned.
The adder poisons you!
You completely miss the adder.
The adder is severely wounded.
You feel sick. The adder bites you.
You miss the adder.
The adder is severely wounded.
You block the adder's attack.
You hit the adder.
The adder explodes!
The fiery explosion engulfs you!
Ouch! That really hurt!
You die... ###.# ##.#.# PPP# #.###....# P_PP.

#.#.#.#.##P.PPP#
##............?#
##.#.#.####.#...
##...(#
.########.##..S...
.........#.#######
#@#.# #ยง#.#
#!###S#.#########
.##....K....S......
.).........#########
##.####.### # #.#
#.# #.#


You could see an adder and a kobold.

Vanquished Creatures
  An adder (D:2)
  4 worms (D:2)
  5 giant geckos
  An ooze (D:2)
  A ball python (D:2)
  3 giant cockroaches
  4 goblins
  6 hobgoblins
  8 jackals
  4 kobolds
  A quokka (D:2)
  7 bats
  6 giant newts
  11 rats
  A plant (D:1)
63 creatures vanquished.

Notes
Turn   | Place    | Note
--------------------------------------------------------------
     0 | D:1      | CrazyArbalest, the Halfling Fighter, began the quest for the Orb.
     0 | D:1      | Reached XP level 1. HP: 15/15 MP: 1/1
    34 | D:1      | Found a shimmering altar of Xom.
    35 | D:1      | Found a shimmering altar of Xom.
    35 | D:1      | Found a shimmering altar of Xom.
    35 | D:1      | Found a shimmering altar of Xom.
    35 | D:1      | Found a shimmering altar of Xom.
    35 | D:1      | Found a shimmering altar of Xom.
   175 | D:1      | Reached XP level 2. HP: 18/20 MP: 2/2
   425 | D:1      | Reached XP level 3. HP: 25/25 MP: 3/3
   859 | D:2      | Reached skill level 1 in Dodging
   859 | D:2      | Reached XP level 4. HP: 11/31 MP: 4/4
  1145 | D:2      | HP: 1/31 [worm (3)]
  3105 | D:3      | Found a blossoming altar of Fedhas.
  3109 | D:3      | Reached XP level 5. HP: 29/36 MP: 5/5
  3156 | D:3      | Killed from afar by an adder

Action                   |  1- 3 |  4- 6 || total
-------------------------+-------+-------++-------
Melee: Cutlass           |   151 |    50 ||   201
       Dagger            |       |   649 ||   649
  Use: Scroll            |       |     6 ||     6
  Eat: Chunk             |       |     8 ||     8
